 Dungeon Crawl Stone Soup version 0.25-a0-603-g0321be95db (webtiles) character file.

Game seed: 3237261145574233164, levelgen mode: deterministic

17 An17 the Magician (level 2, 20/22 HPs)
             Began as a Demonspawn Wanderer on Mar 16, 2020.
             Got out of the dungeon alive.
             The game lasted 00:01:15 (366 turns).

An17 the Magician (Demonspawn Wanderer)              Turns: 366, Time: 00:01:16

Health: 20/22      AC:  3    Str: 11    XL:     2   Next: 44%
Magic:  6/6        EV:  8    Int: 13    God:
Gold:   27         SH:  7    Dex: 13    Spells: 7/7 levels left

rFire    . . .     SeeInvis .   a - +0 spear
rCold    . . .     Gourm    .   b - +0 kite shield
rNeg     . . .     Faith    .   e - +0 leather armour
rPois    .         Spirit   .   (no helmet)
rElec    .         Reflect  .   (no cloak)
rCorr    .         Harm     .   (no gloves)
MR       .....                  (no boots)
Stlth    +.........             (no amulet)
HPRegen  0.07/turn              (no ring)
MPRegen  0.10/turn              (no ring)

@: no status effects
A: hooves 1
a: no special abilities


You escaped.
You were not hungry.

You visited 1 branch of the dungeon, and saw 1 of its levels.

You collected 27 gold pieces.

Inventory:

Hand Weapons
 a - a +0 spear (weapon)
Missiles
 c - 11 poisoned darts (quivered)
Armour
 b - a +0 kite shield (worn)
 e - a +0 leather armour (worn)
Comestibles
 d - 2 rations


   Skills:
 + Level 2.3 Fighting
 + Level 2.0 Polearms
 + Level 0.1 Armour
 + Level 0.1 Dodging
 - Level 1.0 Stealth
 + Level 1.9 Shields
 - Level 3.2 Spellcasting


You had 7 spell levels left.
You didn't know any spells.
Your spell library was empty.

Dungeon Overview and Level Annotations

Branches:
Dungeon (1/15)

Altars:


Innate Abilities, Weirdness & Mutations

You have large cloven feet.


Message History

Your Polearms skill increases to level 2!
You now have 27 gold pieces (gained 8).
You see here a frilled lizard corpse.
A rat comes into view.
You can't go up here!
You closely miss the rat. The rat bites you but does no damage.
You closely miss the rat. You block the rat's attack.
You closely miss the rat. Your kick misses the rat.
The rat bites you but does no damage.
You hit the rat.
You kill the rat!
You see here a rat corpse.
There is an open door here.
There is a staircase leading out of the dungeon here.
Are you sure you want to leave the Dungeon?
This will make you lose the game! [Y]es or [N]o only, please.
Are you sure you want to leave the Dungeon?
This will make you lose the game!
Uppercase [Y]es or [N]o only, please.
Are you sure you want to leave the Dungeon?
This will make you lose the game!
You have escaped!

≈≈≈≈≈≈≈≈≈≈........'†..>.#
≈≈≈≈≈≈≈≈≈≈....≈≈≈.#.....#
≈≈≈≈≈≈≈≈≈≈...≈≈≈≈≈##...##
≈≈≈≈≈≈≈≈≈....≈≈≈≈≈≈#####
≈≈≈≈≈≈≈≈≈...≈≈≈≈≈≈≈≈≈
≈≈≈≈≈##'##≈≈≈≈≈≈≈≈≈
≈≈≈≈##...##≈≈≈≈≈≈≈≈≈
≈≈≈≈#.....#≈≈≈≈≈≈≈≈≈ ≈≈≈
#..@..#≈≈≈≈≈≈≈ ≈≈
#..>).#≈≈≈≈≈≈ ##...## ≈≈≈
#####


There were no monsters in sight!

Vanquished Creatures
  A dart slug (D:1)
  A bat (D:1)
  2 hobgoblins (D:1)
  6 jackals (D:1)
  A frilled lizard (D:1)
  2 rats (D:1)
13 creatures vanquished.

Notes
Turn   | Place    | Note
-------+----------+-------------------------------------------
     0 | D:1      | An17 the Demonspawn Wanderer began the quest for the Orb.
     0 | D:1      | An17 set off with the following items: a +0 spear, a +0
                  | kite shield, a +0 robe, a ration
     0 | D:1      | Reached XP level 1. HP: 16/16 MP: 4/4
   108 | D:1      | Gained mutation: You have large cloven feet. [demonic
                  | ancestry]
   108 | D:1      | Reached XP level 2. HP: 8/22 MP: 6/6
   366 | D:$      | Got out of the dungeon alive.

Levels and vault maps discovered:
D:1:      minmay_arrival_shoal_huts, layout_basic

Skill      XL: |  1  2 |
---------------+-------+-----
Polearms       | 2 |  2.0
Fighting       | |  2.3
Armour         | |  0.1
Dodging        | |  0.1
Stealth        | |  1.0
Shields        | |  1.9
Spellcasting   | |  3.2

Action                   || total
-------------------------++-------
Melee: Spear             ||    49
       Kick              ||     2
Armor: Leather armour    ||     7
       Robe              ||     1
Dodge: Dodged            ||    14
Block: Kite shield       ||    16

Table legend:
 A = Non-vault XP
 B = Vault XP
 C = Vault XP percentage of total XP
 D = Non-vault monster count
 E = Vault monster count
 F = Vault count percentage of total count
                 A         B        C        D         E       F
            +---------+---------+-------+---------+---------+-------
      Total |      25 |       0 |   0.0 |      13 |       0 |   0.0
            +---------+---------+-------+---------+---------+-------
        D:1 |      25 |       0 |   0.0 |      13 |       0 |   0.0
            +---------+---------+-------+---------+---------+-------
